 Dungeon Sprint DCSS version 0.29-a0-838-g385bb11a5b (webtiles) character file.

Game seed: 11949004837082257456

17369 manyhoops the Bludgeoner (level 12, -24/116 HPs)
             Began as a Human Berserker on July 13, 2022.
             Was a High Priest of Trog.
             Killed from afar by a hellephant (44 damage)
             ... with a blast of flame
             ... in the Dungeon (Sprint II: "The Violet Keep of Menkaure").
             The game lasted 00:12:43 (2473 turns).

manyhoops the Bludgeoner (Human Berserker)          Turns: 2473, Time: 00:12:44

Health: -24/116    AC: 31    Str: 22    XL:     12   Next: 81%
Magic:  12/12      EV:  9    Int:  8    God:    Trog [*****.]
Gold:   151        SH:  0    Dex: 13    Spells: 11/11 levels left

rFire   . . .      SeeInvis .   i - +8 dire flail (flame)
rCold   . . .      Faith    .   (shield currently unavailable)
rNeg    . . .      Spirit   .   k - +0 chain mail
rPois   .          Reflect  .   B - +2 helmet
rElec   .          Harm     .   l - +2 cloak {Stlth+}
rCorr   .          Rampage  .   t - +2 pair of gloves
Will    ++...      NoTele   +   u - +0 pair of boots
Stlth   ..........              (no amulet)
HPRegen 1.29/turn               d - +4 ring of protection
MPRegen 0.13/turn               (no ring)

@: strong-willed (expiring), on berserk cooldown, regenerating (expiring)
A: no striking features
a: Renounce Religion, Berserk, Trog's Hand, Brothers in Arms


You were in the Dungeon.
You worshipped Trog.
Trog was extremely pleased with you.
You visited 1 branch You collected 2101 gold pieces.
You spent 1950 gold pieces at shops.

Inventory:

Hand Weapons
 a - a +0 mace
 i - a +8 dire flail of flaming (weapon)
 v - a +2 mace of distortion
Armour
 k - a +0 chain mail (worn)
 l - a +2 cloak of stealth (worn)
 t - a +2 pair of gloves (worn)
 u - a +0 pair of boots (worn)
 B - a +2 helmet (worn)
Jewellery
 d - a +4 ring of protection (left hand)
Scrolls
 b - 4 scrolls of magic mapping
 h - 4 scrolls of blinking
 m - a scroll of enchant armour
 o - 2 scrolls of vulnerability
 q - a scroll of poison
 x - 2 scrolls of fog
 y - a scroll of fear
 A - a scroll of identify
Potions
 c - 2 potions of brilliance
 e - 2 potions of haste
 f - 5 potions of magic
 g - 2 potions of berserk rage
 j - a potion of heal wounds
 n - 4 potions of flight
 p - a potion of ambrosia
 r - 2 potions of mutation
 s - 3 potions of curing
 w - 3 potions of resistance
 z - 3 potions of might


   Skills:
 + Level 17.6 Fighting
 + Level 20.5 Maces & Flails
 + Level 16.6 Armour
 - Level 2.0 Dodging


You had 11 spell levels left.
You didn't know any spells.
Your spell library was empty.

Dungeon Overview and Level Annotations

Branches:
Dungeon (1/1)

Altars:
Cheibriados
Dithmenos
Elyvilon
Fedhas
Gozag
Hepliaklqana
Kikubaaqudgha
Makhleb
Nemelex Xobeh
Okawaru
Qazlal
Ru
Sif Muna
Trog
Uskayaw
Vehumet
Wu Jian
Xom
Yredelemnul
Zin
The Shining One
Jiyva
Lugonu

Shops:
D [?:?!*[[*!?[=![(=[*!((?::!(

Annotations:
D exclusions: ice statue, oklob plant and orange crystal statue


Message History

Unknown command.
You are too injured to fight recklessly!
You miss the purple draconian shifter.
The purple draconian shifter is almost dead.
You feel yourself speed up.
The purple draconian shifter hits you but does no damage.
The hellephant blinks!
Unknown command.
Your skin crawls.
You feel strong-willed.
The purple draconian shifter gestures at you while chanting.
The hellephant blinks!
You are too injured to fight recklessly!
You sock the purple draconian shifter! You burn the purple draconian shifter.
You kill the purple draconian shifter!
Trog accepts your kill.
Trog appreciates your killing of a magic user.
The hellephant tramples you but does no damage.
The hellephant barely misses you. The hellephant gores you.
Things that are here:
a +0 whip; a +1 cloak; 486 gold pieces You sock the hellephant!
You burn the hellephant.
The hellephant is lightly wounded.
The hellephant tramples you but does no damage.
The hellephant bites you!
* * * LOW HITPOINT WARNING * * *
The hellephant gores you but does no damage.
You completely miss the hellephant.
The hellephant is lightly wounded.
The hellephant tramples you!
* * * LOW HITPOINT WARNING * * *
You stumble backwards!
You closely miss the hellephant.
The hellephant is lightly wounded.
Your troll goes berserk!
The hellephant blinks!
You feel the effects of Trog's Hand fading.
The hellephant breathes flames at you. The blast of flame hits you!!!
You die...

#..°▓≈≈≈≈≈≈≈≈▓▓
#=○▓▓▓▓▓▓▓▓▓▓▓▓+▓▓
.#[○▓)...[..(▓▓...▓
k#||▓|..)([)(▓▓.⌠.▓
.#[)▓........▓▓...▓
####▓[[()..(.▓▓TY.▓
##.#▓...(.(((▓▓...▓
#..#▓....)()[▓▓.§.▓
#..#▓....).[.▓▓.@.▓
##.#▓(.).....▓▓.)$▓
..##▓▓▓▓▓▓▓§▓▓▓▓)▓▓
≈†≈≈≈≈≈≈≈≈≈...≈≈≈▓
'########'###.≈≈≈▓
_._._...#§§§##≈≈≈▓
._._._._#§§§≈####▓▓▓▓▓
_._._._.#≈§§§≈##..#..▓
._._._._#§≈§§≈§#..#..▓


You could see a hellephant (catching breath, ally target) and a friendly troll
(summoned, berserk).

Vanquished Creatures
  A kraken (D)
  2 sphinxes (D)
  Kirke (D)
  A draconian shifter (D)
  A yaktaur captain (D)
  A centaur warrior (D)
  Sonja (D)
  A death drake (D)
  2 deep trolls (D)
  A glowing orange brain (D)
  3 manticores (D)
  A merfolk siren (D)
  A yaktaur (D)
  3 polar bears (D)
  A hornet (D)
  12 flying skulls (D)
  4 wyverns (D)
  2 redbacks (D)
  2 neqoxecs (D)
  4 water moccasins (D)
  A swamp drake (D)
  3 black bears (D)
  5 necrophages (D)
  An iron imp (D)
  A hell rat (D)
  2 spectral bats (D)
  5 tentacles (D)
63 creatures vanquished.

Vanquished Creatures (collateral kills)
  A crystal guardian (D)
  A skeletal warrior (D)
  An elephant (D)
  A kobold demonologist (D)
  2 neqoxecs (D)
  A swamp drake (D)
7 creatures vanquished.

Vanquished Creatures (others)
  Menkaure (D)
  A water moccasin (D)
  7 tentacles (D)
9 creatures vanquished.

Grand Total: 79 creatures vanquished

Notes
Turn   | Place    | Note
-------+----------+-------------------------------------------
     0 | D        | manyhoops the Human Berserker began the quest for the Orb.
     0 | D        | Reached XP level 1. HP: 18/18 MP: 1/1
     1 | D        | Noticed a necrophage
     1 | D        | Noticed a necrophage
     1 | D        | Noticed a necrophage
     1 | D        | Noticed a necrophage
    11 | D        | Killed a necrophage
    12 | D        | Reached skill level 8 in Maces & Flails
    12 | D        | Reached XP level 2. HP: 19/24 MP: 2/2
    12 | D        | Reached XP level 3. HP: 23/29 MP: 3/3
    12 | D        | Reached XP level 4. HP: 28/35 MP: 4/4
    16 | D        | Killed a necrophage
    17 | D        | Reached XP level 5. HP: 32/47 MP: 5/5
    19 | D        | Reached ** piety under Trog
    27 | D        | Reached skill level 10 in Fighting
    27 | D        | Reached XP level 6. HP: 21/60 MP: 6/6
    29 | D        | Killed a water moccasin
    67 | D        | Noticed a merfolk siren
    72 | D        | Killed a merfolk siren
    73 | D        | Reached skill level 12 in Maces & Flails
    73 | D        | Reached XP level 7. HP: 15/66 MP: 7/7
    76 | D        | Killed Menkaure
   292 | D        | Noticed a wyvern
   292 | D        | Noticed a wyvern
   297 | D        | Killed a wyvern
   297 | D        | Reached *** piety under Trog
   298 | D        | Reached skill level 13 in Maces & Flails
   303 | D        | Killed a wyvern
   304 | D        | Reached skill level 14 in Maces & Flails
   304 | D        | Reached XP level 8. HP: 67/72 MP: 8/8
   343 | D        | Noticed a flying skull
   343 | D        | Noticed a flying skull
   343 | D        | Noticed a flying skull
   344 | D        | Noticed a flying skull
   344 | D        | Noticed a flying skull
   344 | D        | Noticed a flying skull
   344 | D        | Noticed a flying skull
   345 | D        | Noticed a flying skull
   346 | D        | Noticed a flying skull
   347 | D        | Noticed a flying skull
   349 | D        | Noticed a flying skull
   351 | D        | Noticed a flying skull
   358 | D        | Found Zoge's Distillery.
   358 | D        | Found Aruduobb's Antique Weapon Boutique.
   359 | D        | Found Hurphudui's Magic Scroll Shop.
   359 | D        | Found Kitop's Book Shop.
   359 | D        | Found Alav's Book Boutique.
   360 | D        | Found Siokk's Armour Shop.
   360 | D        | Found Xeupnet's Assorted Antiques.
   360 | D        | Found Ogyotinka's Jewellery Boutique.
   360 | D        | Found Zary's Distillery.
   361 | D        | Found Taij's Jewellery Shop.
   361 | D        | Found Yploruus's Distillery.
   361 | D        | Found Imam's Antique Armour Boutique.
   362 | D        | Found Orchesk's General Store.
   362 | D        | Found Jaigh's Antique Armour Boutique.
   362 | D        | Noticed a slime creature
   362 | D        | Noticed a slime creature
   365 | D        | Noticed a slime creature
   365 | D        | Noticed an oklob plant
   366 | D        | Found Ubyr's Book Shoppe.
   368 | D        | Noticed a wyvern
   368 | D        | Noticed a wyvern
   369 | D        | Noticed a wyvern
   373 | D        | Noticed a fire dragon
   374 | D        | Bought a potion of lignification for 36 gold pieces
   374 | D        | Bought a potion of might for 48 gold pieces
   374 | D        | Bought a potion of heal wounds for 60 gold pieces
   381 | D        | Bought a chain mail for 121 gold pieces
   392 | D        | Bought a runed cloak for 172 gold pieces
   425 | D        | Bought a +1 hat for 121 gold pieces
   427 | D        | Bought a potion of heal wounds for 60 gold pieces
   428 | D        | Bought a potion of flight for 36 gold pieces
   460 | D        | Noticed an ice statue
   469 | D        | Found an iron altar of Okawaru.
   469 | D        | Found an opulent altar of Gozag.
   470 | D        | Found a sparkling altar of Nemelex Xobeh.
   470 | D        | Found a blossoming altar of Fedhas.
   471 | D        | Found a burning altar of Makhleb.
   471 | D        | Found a radiant altar of Vehumet.
   471 | D        | Found a white marble altar of Elyvilon.
   472 | D        | Found a hide-covered altar of Uskayaw.
   472 | D        | Found a corrupted altar of Lugonu.
   472 | D        | Found a shadowy altar of Dithmenos.
   473 | D        | Found a bloodstained altar of Trog.
   473 | D        | Found a glowing silver altar of Zin.
   473 | D        | Found an ancient bone altar of Kikubaaqudgha.
   473 | D        | Found a snail-covered altar of Cheibriados.
   473 | D        | Noticed a polar bear
   473 | D        | Noticed a polar bear
   475 | D        | Noticed a polar bear
   494 | D        | Killed a polar bear
   495 | D        | Reached skill level 5 in Armour
   503 | D        | Killed a polar bear
   503 | D        | Reached **** piety under Trog
   504 | D        | Reached XP level 9. HP: 74/79 MP: 9/9
   507 | D        | Killed a polar bear
   511 | D        | Noticed a yaktaur
   538 | D        | Killed a yaktaur
   539 | D        | Reached skill level 15 in Maces & Flails
   549 | D        | Noticed a hornet
   564 | D        | Killed a hornet
   671 | D        | Found a basalt altar of Yredelemnul.
   671 | D        | Found a shimmering blue altar of Sif Muna.
   671 | D        | Found a viscous altar of Jiyva.
   672 | D        | Found a shimmering altar of Xom.
   672 | D        | Found a sacrificial altar of Ru.
   674 | D        | Found a glowing golden altar of the Shining One.
   674 | D        | Found an ornate altar of the Wu Jian Council.
   674 | D        | Found a stormy altar of Qazlal.
   674 | D        | Found a hazy altar of Hepliaklqana.
   682 | D        | Noticed a kraken
   993 | D        | Noticed a deep troll
   993 | D        | Noticed a deep troll
  1000 | D        | Killed a deep troll
  1001 | D        | Reached skill level 16 in Maces & Flails
  1001 | D        | Reached XP level 10. HP: 90/91 MP: 10/10
  1079 | D        | Killed a deep troll
  1226 | D        | Noticed a sphinx
  1230 | D        | Noticed a sphinx
  1241 | D        | Killed a sphinx
  1242 | D        | Reached skill level 17 in Maces & Flails
  1242 | D        | Reached skill level 10 in Armour
  1250 | D        | Killed a sphinx
  1251 | D        | Reached XP level 11. HP: 81/100 MP: 11/11
  1296 | D        | Noticed an orange crystal statue
  1346 | D        | Noticed Kirke
  1346 | D        | Noticed a yaktaur captain
  1374 | D        | Killed a yaktaur captain
  1379 | D        | Noticed a skeletal warrior
  1388 | D        | Noticed an elephant
  1389 | D        | Killed a skeletal warrior
  1395 | D        | Killed an elephant
  1396 | D        | Reached skill level 18 in Maces & Flails
  1408 | D        | Reached ***** piety under Trog
  1415 | D        | Reached skill level 15 in Fighting
  1418 | D        | Noticed a manticore
  1606 | D        | Noticed a manticore
  1616 | D        | Noticed a manticore
  1620 | D        | Noticed a manticore
  1623 | D        | Killed Kirke
  1630 | D        | Killed a manticore
  1657 | D        | Noticed a centaur warrior
  1658 | D        | Noticed a manticore
  1674 | D        | Killed a centaur warrior
  1678 | D        | Killed a manticore
  1685 | D        | Killed a manticore
  1685 | D        | Received a gift from Trog
  1699 | D        | Bought a potion of might for 48 gold pieces
  1700 | D        | Bought a potion of haste for 120 gold pieces
  1706 | D        | Bought a scroll of fear for 44 gold pieces
  1706 | D        | Bought a scroll of fog for 44 gold pieces
  1706 | D        | Bought a scroll of identify for 22 gold pieces
  1706 | D        | Bought a scroll of magic mapping for 82 gold pieces
  1713 | D        | Bought a potion of might for 44 gold pieces
  1713 | D        | Bought a potion of heal wounds for 55 gold pieces
  1743 | D        | Reached XP level 12. HP: 99/111 MP: 12/12
  1743 | D        | Reached ****** piety under Trog
  1744 | D        | Reached skill level 19 in Maces & Flails
  1754 | D        | Reached skill level 15 in Armour
  1768 | D        | Received a gift from Trog
  1792 | D        | Received a gift from Trog
  1820 | D        | Received a gift from Trog
  1859 | D        | Found Ruoffugh's Antique Armour Emporium.
  1859 | D        | Found Zisabuf's Magic Scroll Shop.
  1860 | D        | Found Deir's Magic Scroll Shop.
  1860 | D        | Found Oguataas's Assorted Antiques.
  1860 | D        | Found Heocs's Distillery.
  1860 | D        | Found Tiditiev's Armour Emporium.
  1860 | D        | Found Cuwougai's Weapon Shop.
  1860 | D        | Found Siqownou's Distillery.
  1860 | D        | Found Ciemm's Antique Armour Boutique.
  1860 | D        | Found Tenabboxt's Magic Scroll Emporium.
  1860 | D        | Found Naduju Iwni's Antique Weapon Shop.
  1860 | D        | Found Jithunu's Weapon Shoppe.
  1863 | D        | Bought a scroll of enchant weapon for 75 gold pieces
  1865 | D        | Bought a scroll of enchant armour for 90 gold pieces
  1865 | D        | Bought a scroll of enchant armour for 90 gold pieces
  1865 | D        | Bought a scroll of blinking for 90 gold pieces
  1865 | D        | Bought a scroll of blinking for 90 gold pieces
  1868 | D        | Bought a potion of heal wounds for 50 gold pieces
  1870 | D        | Bought a shiny helmet for 172 gold pieces
  1883 | D        | Bought a scroll of enchant armour for 90 gold pieces
  1883 | D        | Bought a scroll of blinking for 90 gold pieces
  1931 | D        | Noticed a crystal guardian
  1934 | D        | Noticed a death drake
  1960 | D        | Killed a death drake
  2238 | D        | Noticed a death drake
  2251 | D        | Killed a crystal guardian
  2403 | D        | Killed a kraken
  2404 | D        | Reached skill level 20 in Maces & Flails
  2444 | D        | Noticed a hellephant
  2444 | D        | Noticed a purple draconian shifter
  2444 | D        | Noticed a glowing orange brain
  2444 | D        | Noticed Sonja
  2458 | D        | Killed a glowing orange brain
  2459 | D        | Killed Sonja
  2459 | D        | Received a gift from Trog
  2467 | D        | Killed a purple draconian shifter
  2473 | D        | Killed from afar by a hellephant

Illustrated notes

Levels and vault maps discovered:
D:        the_violet_keep_of_menkaure [sprint2_stairs_cluster_1,
          sprint2_shoproom, sprint2_temple, sprint2_basic_supplies,
          sprint2_obstacle_2, sprint2_obstacle_4, sprint2_obstacle_1,
          sprint2_obstacle_6, sprint2_obstacle_5, sprint2_timed_cluster_1,
          sprint2_smallroom_cluster_1, sprint2_smallroom_final_cluster_1,
          sprint2_transparent_cluster_1, sprint2_second_timed_cluster_1,
          sprint2_sniper_area_1, sprint2_heavy_combat_area_1,
          sprint2_mutation_trap_area_1, sprint2_forest_area_1,
          sprint2_light_combat_area_1, sprint2_behind_water_1,
          sprint2_near_end_vault_1]

Skill      XL: |  1  2  3  4  5  6  7  8  9 10 11 12 |
---------------+-------------------------------------+-----
Maces & Flails | 8 12 14 16 17 18 20 | 20.5
Fighting       | 6 10 12 14 16 17 | 17.6
Armour         | 7 8 11 14 16 | 16.6
Dodging        | |  2.0

Action                   |  1- 3 |  4- 6 |  7- 9 | 10-12 || total
-------------------------+-------+-------+-------+-------++-------
Melee: Mace              |     8 |    17 |    94 |   117 ||   236
       Punch             |       |       |     1 |     4 ||     5
       Dire flail        |       |       |       |   102 ||   102
Invok: Berserk           |     1 |     1 |     5 |     9 ||    16
       Trog's Hand       |       |       |     3 |     7 ||    10
       Brothers in Arms  |       |       |     1 |     3 ||     4
  Use: Potion            |       |     1 |     5 |     4 ||    10
       Scroll            |       |       |       |     9 ||     9
 Stab: Distracted        |       |       |       |     1 ||     1
Armor: Animal skin       |       |     1 |     3 |       ||     4
       Chain mail        |       |       |    36 |   149 ||   185
       Skin              |       |       |    14 |       ||    14
Dodge: Dodged            |     3 |     4 |    36 |    69 ||   112

Table legend: (Time is in decaauts)
 A = Elapsed time spent in this place.
 B = Non-inter-level travel time spent in this place.
 C = Inter-level travel time spent in this place.
 D = Time resting spent in this place.
 E = Time spent auto-exploring this place.
 F = Levels seen in this place.
 G = Mean time per level.
                   A        B        C        D        E       F      G
               +--------+--------+--------+--------+--------+-----+--------+
         Total |   2604 |   2604 |      0 |   1318 |      1 |   1 | 2604.0 |
       Dungeon |   2604 |   2604 |      0 |   1318 |      1 |   1 | 2604.0 |
               +--------+--------+--------+--------+--------+-----+--------+

Top non-repeatable levels by time:
       D: 2604 daAuts
